 Dungeon Crawl Stone Soup version 0.30-a0-722-g3e6e8c874d (webtiles) character file.

Game seed: 13153600587377258408

53290 jasper the Thaumaturge (level 14, 0/105 HPs)
             Began as a Demonspawn Venom Mage on Jan 27, 2023.
             Was an Elder of Vehumet.
             Killed by divine providence
             ... invoked by a smoke demon
              (12 damage)
             ... on level 5 of the Lair of Beasts.
             The game lasted 00:46:18 (18408 turns).

jasper the Thaumaturge (Demonspawn Venom Mage)     Turns: 18408, Time: 00:46:19

Health: 0/105      AC:  9    Str:  8    XL:     14   Next: 30%
Magic:  22/30      EV: 24    Int: 32    God:    Vehumet [****..]
Gold:   1004       SH:  0    Dex: 16    Spells: 18/37 levels left

rFire   . . .      SeeInvis .    i - staff of air
rCold   . . .      Faith    .    (no shield)
rNeg    . . .      Spirit   .    m - +0 steam dragon scales
rPois   .          Reflect  .    M - +1 hat {Stlth+}
rElec   +          Harm     .    y - +0 cloak
rCorr   .          Rampage  .    (gloves unavailable)
Will    +....                    h - +1 pair of boots
Stlth   +++                      k - amulet of magic regeneration
HPRegen 0.37/turn                G - +6 ring of intelligence
MPRegen 0.62/turn                q - +6 ring of intelligence

@: agile, about to teleport
A: claws 3, repulsion field 2, demonic guardian 1, powered by pain 2,
augmentation 1
a: Renounce Religion


You were on level 5 of the Lair of Beasts.
You worshipped Vehumet.
Vehumet was greatly pleased with you.
You visited 3 branches of the dungeon, and saw 17 of its levels.
You visited the Abyss 1 time.

You collected 1043 gold pieces.
You spent 39 gold pieces at shops.

Inventory:

Missiles
 e - 144 stones
 x - 4 curare-tipped darts
 L - 7 javelins
 Q - a throwing net
Armour
 c - a +1 robe of resistance
 h - a +1 pair of boots (worn)
 m - +0 steam dragon scales (worn)
 y - a +0 cloak (worn)
 J - an orb of mayhem
 M - a +1 hat of stealth (worn)
 Y - the +1 robe of the Hidden Vale {rPois Dex+6 Stlth-}
   (You found it on level 3 of the Lair of Beasts)

   Dex:       It affects your dexterity (+6).
   rPois:     It protects you from poison.
   Stlth:     It makes you less stealthy.
Magical Staves
 i - a staff of air (weapon)
 U - a staff of cold
Jewellery
 a - a ring of ice
 k - an amulet of magic regeneration (around neck)
 o - the amulet of Jeshrud {Faith Harm rCorr}
   (You found it on level 5 of the Lair of Beasts)

   [amulet of faith]

   It allows you to gain divine favour quickly.
   rCorr:     It protects you from acid and corrosion.
   Harm:      It increases damage dealt and taken.
 q - a +6 ring of intelligence (right claw)
 s - a ring of protection from cold
 t - a ring of see invisible
 G - a +6 ring of intelligence (left claw)
 K - a ring of flight
 V - a +5 ring of evasion
Wands
 w - a wand of polymorph (11)
 B - a wand of paralysis (11)
 I - a wand of digging (8)
 W - a wand of flame (39)
 X - a wand of quicksilver (4)
Scrolls
 d - 3 scrolls of vulnerability
 p - a scroll of teleportation
 r - a scroll of immolation
 z - a scroll of enchant weapon
 A - 2 scrolls of fog
 C - 4 scrolls of magic mapping
 D - a scroll of fear
 F - 2 scrolls of poison
 R - a scroll of summoning
Potions
 f - 5 potions of mutation
 g - 2 potions of invisibility
 l - 2 potions of degeneration
 n - 2 potions of attraction
 v - 3 potions of haste
 H - 2 potions of cancellation
 N - a potion of berserk rage
 O - 4 potions of flight
 S - a potion of might
 Z - a potion of resistance


   Skills:
 - Level 8.0 Fighting
 - Level 7.3 Dodging
 - Level 1.7 Stealth
 - Level 8.0 Unarmed Combat
 - Level 12.0 Spellcasting
 + Level 11.7 Conjurations
 - Level 0.8 Transmutations
 + Level 10.8 Air Magic
 - Level 6.0 Poison Magic


You had 18 spell levels left.
You knew the following spells:

 Your Spells              Type           Power      Damage    Failure   Level
a - Sting                 Tmut/Pois      100%       1d8       1%          1
b - Mephitic Cloud        Conj/Pois/Air  88%        N/A       1%          3
c - Olgreb's Toxic Radia  Pois           55%        N/A       1%          4
d - Vhi's Electric Charg  Tloc/Air       100%       N/A       1%          3
e - Arcjolt               Conj/Air       47%        1d57      1%          5
f - Kindle Blastsparks    Fire/Tloc/Air  100%       2d18      1%          3

Your spell library contained the following spells:

 Spells                   Type           Power      Damage    Failure   Level
 Lightning Bolt           Conj/Air       47%        1d68      1%          5
 Magic Dart               Conj           100%       1d8       0%          1
 Cigotuvi's Dreadful Rot  Necr/Pois/Air  100%       N/A       1%          2
 Poisonous Vapours        Pois/Air       100%       N/A       1%          2
 Spider Form              Tmut/Pois      41%        N/A       1%          3
 Summon Small Mammal      Summ           76%        N/A       2%          1
 Call Imp                 Summ           19%        N/A       3%          2
 Ensorcelled Hibernation  Hex/Ice        38%        N/A       3%          2
 Call Canine Familiar     Summ           19%        N/A       8%          3
 Summon Guardian Golem    Hex/Summ       19%        N/A       8%          3
 Anguish                  Hex/Necr       9%         N/A       24%         4
 Cause Fear               Hex            9%         N/A       24%         4
 Manifold Assault         Tloc           19%        N/A       24%         4
 Maxwell's Capacitive Co  Air            46%        ∞         43%         8
 Dispersal                Tloc           9%         N/A       98%         6
 Dragon Form              Tmut           12%        N/A       100%        7
 Disjunction              Tloc           9%         N/A       100%        8
 Dragon's Call            Summ           9%         N/A       100%        9


Dungeon Overview and Level Annotations

Branches:
Dungeon (11/15)            Temple (1/1) D:7            Lair (5/5) D:8
  Swamp (0/4) Lair:2       Spider (0/4) Lair:2        Slime (0/5) Lair:5
    Orc (0/2) D:9

Altars:
Cheibriados
Fedhas
Gozag
Kikubaaqudgha
Nemelex Xobeh
Okawaru
Qazlal
Ru
Sif Muna
Uskayaw
Vehumet
Wu Jian
Xom
Jiyva

Shops:
D:2 (   D:9 ?

Portals:
Ossuary: D:4
Ice
Cave: D:11

Annotations:
D:10 exclusions: 2 doors and 1 more exclusion
D:11 exclusion: gargoyle


Innate Abilities, Weirdness & Mutations

You have claws for hands.
You are surrounded by a moderate repulsion field. (EV +3)
A weak demonic guardian rushes to your aid.
You sometimes gain power by taking damage.
Your magical and physical power is slightly enhanced at high health.


Message History

The large abomination hits you but does no damage.
The ancient zyme completely misses you. x2
You feel yourself growing ill in the presence of the ancient zyme.
Casting: Olgreb's Toxic Radiance (mildly dangerous; 1% risk of failure)
Confirm with . or Enter, or press ? or * to list all spells.
You feel a surge of power!
Electricity surges outward!
The large abomination is lightly damaged.
The ancient zyme is severely damaged.
Your toxic aura wanes.
The ancient zyme misses you. x2; The large abomination hits you!!
* * * LOW HITPOINT WARNING * * *
A demonic guardian appears!
You focus on the pain.
You feel your power returning. The raiju misses you.
You take 20 damage, and have 12/105 hp.
You regained 14 mp, and now have 27/30 mp.
Casting: Arcjolt (mildly dangerous; 1% risk of failure)
Confirm with . or Enter, or press ? or * to list all spells.
You feel a surge of power! Arcjolt might hit your quasit.
Cast it anyway?
Electricity surges outward!
The large abomination is moderately damaged.
You destroy the ancient zyme!
Vehumet accepts your kill.
You feel your power returning.
The spriggan is severely wounded.
Your quasit is lightly wounded.
You hear a roar!
The spriggan hits your quasit with a +0 rapier of distortion!
Your quasit dies!
Your quasit disappears in a puff of smoke!
The raiju bites you but does no damage.
The large abomination barely misses you.
Casting: Arcjolt (mildly dangerous; 1% risk of failure)
Confirm with . or Enter, or press ? or * to list all spells.
You feel a surge of power!
Electricity surges outward!
The large abomination is almost destroyed.
The spriggan is almost dead.
The smoke demon gestures at you. Something smites you!
You die...

♣♣♣♣♣♣♣♣♣♣♣ ##
♣♣♣♣..÷..♣♣..♣♣♣♣
###.
♣♣.....♣♣........♣♣♣
####..#
......♣♣♣♣♣♣.......♣
#.##... ....♣♣♣ ♣
♣♣..♣♣♣♣♣ ##.....
....♣ ♣.♣..♣♣ #.....
.♣♣...♣ !.....♣♣
#..... ♣♣♣♣.....
♣.iX♣♣ ##.... ♣♣♣.♣♣
♣♣h@♣ #..... ♣ ♣♣÷♣
###.#... .♣♣
#....... .♣ #.......
.. #....... .. ♣♣♣
#.#..... ..♣ ♣♣.###
##.#..... 3♣♣ ♣P...#
#......##
♣#...####.......#


You could see a large abomination, a smoke demon, a raiju (very poisoned) and a
spriggan (poisoned).

Vanquished Creatures
  3 tentacled starspawn (Abyss:2)
  Gastronok (D:9)
  Josephine (D:10)
  Fannar (Lair:2)
  3 two-headed ogres
  2 hydras (Lair:5)
  A boulder beetle (Lair:4)
  6 death yaks (Lair:5)
  5 thrashing horrors (Abyss:2)
  Nergalle (Lair:2)
  2 large abominations (Abyss:2)
  Pikel (D:7)
  2 starcursed masses (Abyss:2)
  2 wolf spiders (Lair:2)
  An orc sorcerer (Abyss:2)
  An ugly thing (Lair:5)
  A cyclops (D:11)
  Joseph (D:7)
  5 black mambas
  A hellion (Abyss:2)
  10 komodo dragons
  12 cane toads
  A smoke demon (Lair:5)
  4 rime drakes
  An ice devil (Abyss:2)
  2 ancient zymes (Lair:5)
  3 polar bears (Lair:5)
  A troll (D:9)
  2 hornets
  A meliai (shapeshifter) (Lair:5)
  A hydra skeleton (Abyss:2)
  Prince Ribbit (D:9)
  A raiju (shapeshifter) (Lair:5)
  8 blink frogs (Lair:5)
  6 flying skulls (Abyss:2)
  A shadow (D:11)
  3 ynoxinuls
  3 fire bats (Abyss:2)
  3 wyverns
  5 wraiths (D:10)
  26 yaks
  2 basilisks (Lair:5)
  A neqoxec (Abyss:2)
  A chaos spawn (Abyss:2)
  Edmund (D:5)
  10 water moccasins
  7 orc warriors
  4 black bears
  2 centaurs
  An ogre (D:7)
  12 wolves
  An ice beast (Temple)
  2 lemures (D:7)
  A phantom (D:5)
  3 kobold brigands
  5 small abominations
  8 bullfrogs
  A gnoll sergeant (D:10)
  3 scorpions
  12 wights
  13 killer bees
  An electric eel (Lair:5)
  6 howler monkeys
  3 hounds (D:6)
  A quasit (Abyss:2)
  3 jellies
  Crazy Yiuf (D:3)
  5 orc priests
  7 iguanas
  6 orc wizards
  A mummy (D:4)
  2 adders
  3 gnolls (D:10)
  A white imp (D:7)
  4 ufetubi
  2 worms (D:3)
  2 dart slugs
  38 orcs
  12 endoplasms
  2 giant cockroaches
  2 goblins
  2 hobgoblins
  8 jackals
  5 quokkas
  4 ball pythons
  8 bats
  3 frilled lizards
  25 kobolds
  5 rats
  A butterfly (Lair:3)
  2 starspawn tentacles (Abyss:2)
391 creatures vanquished.

Vanquished Creatures (collateral kills)
  A flying skull (Abyss:2)
  A wraith (D:10)
  A steam dragon (D:9)
  2 orc warriors
  2 wights
  An iron imp (Abyss:2)
  An orc wizard (D:7)
9 creatures vanquished.

Vanquished Creatures (others)
  14 fungi
  34 plants
  6 starspawn tentacles (Abyss:2)
54 creatures vanquished.

Grand Total: 454 creatures vanquished

Notes
Turn   | Place    | Note
-------+----------+-------------------------------------------
     0 | D:1      | jasper the Demonspawn Venom Mage began the quest for the
                  | Orb.
     0 | D:1      | Reached XP level 1. HP: 13/13 MP: 3/3
   606 | D:1      | Gained mutation: You have sharp fingernails. [demonic
                  | ancestry]
   606 | D:1      | Reached XP level 2. HP: 17/19 MP: 0/5
  1141 | D:2      | Found Oqivviby's Antique Weapon Boutique.
  1194 | D:2      | Gained mutation: You have very sharp fingernails. [demonic
                  | ancestry]
  1194 | D:2      | Reached XP level 3. HP: 24/24 MP: 4/6
  1200 | D:2      | Learned a level 3 spell: Mephitic Cloud
  2209 | D:3      | Reached skill level 1 in Fighting
  2209 | D:3      | Gained mutation: You sometimes gain a little power by
                  | taking damage. [demonic ancestry]
  2209 | D:3      | Reached XP level 4. HP: 29/32 MP: 7/7
  2341 | D:3      | Found a runed translucent door.
  2342 | D:3      | Noticed Crazy Yiuf
  2376 | D:3      | Killed Crazy Yiuf
  2505 | D:4      | Learned a level 4 spell: Olgreb's Toxic Radiance
  2579 | D:4      | Reached skill level 1 in Conjurations
  2579 | D:4      | Reached skill level 1 in Air Magic
  2669 | D:4      | Gained mutation: You are surrounded by a mild repulsion
                  | field. (EV +2) [demonic ancestry]
  2669 | D:4      | Reached XP level 5. HP: 37/37 MP: 9/9
  2856 | D:4      | Found a sand-covered staircase.
  2875 | D:4      | Reached skill level 3 in Spellcasting
  3030 | D:5      | Entered Level 5 of the Dungeon
  3156 | D:5      | Noticed a wyvern
  3169 | D:5      | Killed a wyvern
  3170 | D:5      | Reached XP level 6. HP: 24/44 MP: 9/11
  3327 | D:5      | Noticed Edmund
  3331 | D:5      | Reached skill level 4 in Spellcasting
  3331 | D:5      | Gained mutation: A weak demonic guardian rushes to your
                  | aid. [demonic ancestry]
  3331 | D:5      | Reached XP level 7. HP: 51/51 MP: 8/13
  3343 | D:5      | Killed Edmund
  4043 | D:6      | Reached skill level 5 in Poison Magic
  4581 | D:6      | Gained mutation: You sometimes gain power by taking damage.
                  | [demonic ancestry]
  4581 | D:6      | Reached XP level 8. HP: 57/60 MP: 9/14
  5435 | D:7      | Noticed Pikel
  5453 | D:7      | Killed Pikel
  5454 | D:7      | Reached skill level 5 in Fighting
  5454 | D:7      | Reached skill level 5 in Dodging
  5454 | D:7      | Reached skill level 5 in Spellcasting
  5814 | D:7      | Noticed Joseph
  5831 | D:7      | Killed Joseph
  5832 | D:7      | Reached XP level 9. HP: 30/69 MP: 17/17
  5987 | D:8      | Reached skill level 6 in Spellcasting
  6468 | D:8      | Found a staircase to the Lair.
  6469 | D:8      | Noticed a komodo dragon
  6488 | D:8      | Killed a komodo dragon
  6621 | D:9      | Found Temeis's Magic Scroll Shoppe.
  6627 | D:9      | Bought a scroll of teleportation for 39 gold pieces
  6690 | D:9      | Noticed Prince Ribbit
  6701 | D:9      | Killed Prince Ribbit
  6702 | D:9      | Reached skill level 7 in Spellcasting
  6753 | D:9      | Noticed a two-headed ogre
  6765 | D:9      | Noticed a two-headed ogre
  6773 | D:9      | Killed a two-headed ogre
  6774 | D:9      | Reached XP level 10. HP: 79/79 MP: 9/20
  6792 | D:9      | Killed a two-headed ogre
  7030 | D:10     | Entered Level 10 of the Dungeon
  7041 | D:10     | Reached skill level 11 in Spellcasting
  7041 | D:10     | Gained mutation: You have claws for hands. [demonic
                  | ancestry]
  7041 | D:10     | Reached XP level 11. HP: 86/86 MP: 21/26
  7722 | D:10     | Reached skill level 12 in Spellcasting
  7722 | D:10     | Reached skill level 1 in Unarmed Combat
  7817 | D:10     | Noticed Josephine
  7823 | D:10     | Killed Josephine
  7998 | D:10     | Noticed a two-headed ogre
  8014 | D:10     | Killed a two-headed ogre
  8342 | D:10     | Reached skill level 5 in Unarmed Combat
  8901 | D:11     | Noticed a skeletal warrior
  8901 | D:11     | Noticed a skeletal warrior
  8905 | D:11     | Found a frozen archway.
  9126 | D:9      | Noticed Gastronok
  9235 | D:9      | Killed Gastronok
  9917 | D:9      | Gained mutation: You are surrounded by a moderate repulsion
                  | field. (EV +3) [demonic ancestry]
  9917 | D:9      | Reached XP level 12. HP: 43/78 MP: 22/28
 10161 | D:9      | Learned a level 3 spell: Vhi's Electric Charge
 10167 | D:9      | Learned a level 5 spell: Arcjolt
 10268 | D:9      | Found a staircase to the Orcish Mines.
 10591 | D:7      | Found a staircase to the Ecumenical Temple.
 10602 | Temple   | Entered the Ecumenical Temple
 10656 | Temple   | Became a worshipper of Vehumet
 10678 | D:7      | Found a sacrificial altar of Ru.
 10682 | D:7      | Found a stormy altar of Qazlal.
 10682 | D:7      | Found a shimmering altar of Xom.
 11370 | Lair:1   | Entered Level 1 of the Lair of Beasts
 12635 | Lair:2   | Found a staircase to the Swamp.
 12693 | Lair:2   | Reached * piety under Vehumet
 12693 | Lair:2   | Offered knowledge of Shock by Vehumet.
 12694 | Lair:2   | Reached skill level 5 in Conjurations
 12855 | Lair:2   | Reached skill level 5 in Air Magic
 12885 | Lair:2   | Noticed Nergalle
 12890 | Lair:2   | Killed Nergalle
 13317 | Lair:2   | Found a hole to the Spider Nest.
 13543 | Lair:3   | Noticed Fannar
 13745 | Lair:2   | Killed Fannar
 14051 | Lair:3   | Identified the +1 robe of the Hidden Vale {rPois Dex+6
                  | Stlth-}
 14786 | Lair:4   | Gained mutation: Your magical and physical power is
                  | slightly enhanced at high health. [demonic ancestry]
 14786 | Lair:4   | Reached XP level 13. HP: 94/98 MP: 18/29
 15047 | Lair:4   | Offered knowledge of Magic Dart by Vehumet.
 15067 | Lair:4   | Reached ** piety under Vehumet
 15700 | Lair:5   | Entered Level 5 of the Lair of Beasts
 15710 | Lair:5   | Found a viscous altar of Jiyva.
 15711 | Lair:5   | Found a staircase to the Slime Pits.
 16079 | Lair:5   | HP: 4/98 [death yak (5)]
 16080 | Lair:5   | Offered knowledge of Kindle Blastsparks by Vehumet.
 16271 | Lair:5   | Learned a level 3 spell: Kindle Blastsparks
 16791 | Lair:5   | Reached skill level 10 in Conjurations
 17049 | Lair:5   | Reached *** piety under Vehumet
 17286 | Lair:5   | Identified the amulet of Jeshrud {Faith Harm rCorr}
 17389 | Lair:5   | Offered knowledge of Dazzling Flash by Vehumet.
 17391 | Abyss:2  | Found a corrupted altar of Lugonu.
 17391 | Abyss:2  | Cast into level 2 of the Abyss (spriggan)
 17713 | Abyss:2  | Noticed a starcursed mass
 17727 | Abyss:2  | Noticed an eidolon
 17804 | Abyss:2  | Reached skill level 10 in Air Magic
 17804 | Abyss:2  | Reached XP level 14. HP: 49/105 MP: 21/30
 17804 | Abyss:2  | Noticed a tentacled starspawn
 18038 | Abyss:2  | Reached **** piety under Vehumet
 18176 | Abyss:2  | Noticed a tentacled starspawn
 18195 | Abyss:2  | Killed a tentacled starspawn
 18389 | Abyss:2  | Noticed a tentacled starspawn
 18391 | Abyss:2  | Offered knowledge of Lightning Bolt by Vehumet.
 18391 | Abyss:2  | Noticed a tentacled starspawn
 18396 | Abyss:2  | Killed a tentacled starspawn
 18401 | Abyss:2  | Killed a tentacled starspawn
 18405 | Lair:5   | Escaped the Abyss
 18408 | Lair:5   | Killed from afar by a smoke demon

Illustrated notes

Levels and vault maps discovered:
D:1:      dpeg_arrival_round_c, layout_loops_corners
D:2:      layout_rooms, serial_shops, shop, corner_web_ring
D:3:      layout_basic, uniq_crazy_yiuf_cottage
D:4:      layout_rooms, gup_ossuary_entry_pyramid
D:5:      layout_basic, uniq_edmund
D:6:      minmay_diamond_boxcup, layout_loops_corners
D:7:      layout_basic, grunt_temple_overflow_open, minmay_temple_entry_glass,
          uniq_pikel, uniq_joseph, uniq_maggie
D:8:      layout_layer_cave, david_lair_shrubbed
D:9:      layout_irregular_city, hiddenorc1_lemuel, serial_shops,
          nicolae_shop_competitors_out_of_business, st_stairs_3,
          minmay_misc_feat_nine_boxes, uniq_prince_ribbit1, uniq_gastronok
D:10:     layout_basic, minmay_overflow_temple_hex, uniq_josephine
D:11:     layout_basic, portal_ice_cave_demonic_guard
Temple:   zaba_magenta_temple
Lair:1:   layout_misc_corridors, nicolae_lair_grove_arrangements
Lair:2:   layout_regular_city, swamp_mist, spider_nest_entry_web_field,
          nicolae_lair_run_with_the_wolves, grunt_megastairs_3, uniq_nergalle
Lair:3:   layout_cave_shapes, serial_bayou_crossing, lemuel_fruit_fields,
          uniq_fannar
Lair:4:   layout_gridlike
Lair:5:   hellmonk_lair_end_abyssal_woods, layout_gridlike,
          nicolae_slime_entry_slimehenge, gammafunk_lair_bear_cave,
          serial_bayou_shore_b

Skill      XL: |  1  2  3  4  5  6  7  8  9 10 11 12 13 14 |
---------------+-------------------------------------------+-----
Poison Magic   | 4 5 6 |  6.0
Dodging        | 2 3 5 7 |  7.3
Fighting       | 1 2 3 5 7 8 |  8.0
Conjurations   | 1 2 7 10 11 | 11.7
Air Magic      | 1 2 6 10 | 10.8
Spellcasting   | 3 4 5 7 11 12 | 12.0
Unarmed Combat | 7 8 |  8.0
Stealth        | |  1.7
Transmutations | |  0.8

Action                     |  1- 3 |  4- 6 |  7- 9 | 10-12 | 13-15 || total
---------------------------+-------+-------+-------+-------+-------++-------
  Melee: Short sword       |     2 |       |       |       |       ||     2
         Dagger            |     6 |    41 |       |       |       ||    47
         Unarmed           |       |    15 |       |   199 |       ||   214
         Flail             |       |       |    25 |    39 |       ||    64
         Punch             |       |       |       |    16 |     7 ||    23
         Staff             |       |       |       |     3 |    38 ||    41
  Throw: Stone             |     7 |       |       |     2 |     4 ||    13
   Cast: Sting             |   107 |    44 |    75 |     6 |       ||   232
         Olgreb's Toxic Ra |       |     2 |    35 |    74 |    33 ||   144
         Mephitic Cloud    |       |       |     6 |     8 |       ||    14
         Arcjolt           |       |       |       |    49 |   138 ||   187
         Vhi's Electric Ch |       |       |       |    18 |     8 ||    26
         Kindle Blastspark |       |       |       |       |     1 ||     1
  Evoke: Wand              |       |     9 |       |    12 |     6 ||    27
    Use: Scroll            |     7 |     5 |     3 |    12 |     9 ||    36
         Potion            |       |     2 |       |     9 |     8 ||    19
   Stab: Confused          |       |       |     1 |     1 |       ||     2
         Sleeping          |       |       |     1 |     1 |       ||     2
         Distracted        |       |       |       |     1 |       ||     1
 Armour: Robe              |    12 |     7 |     9 |    15 |       ||    43
         Steam dragon scal |       |       |       |    21 |    71 ||    92
  Dodge: Dodged            |    34 |    59 |    62 |   282 |   245 ||   682

Table legend: (Time is in decaauts)
 A = Elapsed time spent in this place.
 B = Non-inter-level travel time spent in this place.
 C = Inter-level travel time spent in this place.
 D = Time resting spent in this place.
 E = Time spent auto-exploring this place.
 F = Levels seen in this place.
 G = Mean time per level.
                   A        B        C        D        E       F      G
               +--------+--------+--------+--------+--------+-----+--------+
         Total |  18496 |  17737 |    759 |   1770 |  12943 |  18 | 1027.6 |
       Dungeon |  11371 |  10818 |    553 |   1132 |   7728 |  11 | 1033.7 |
        Temple |     69 |     55 |     14 |      0 |     40 |   1 |   69.0 |
          Lair |   6039 |   5847 |    192 |    231 |   4837 |   5 | 1207.8 |
         Abyss |   1016 |   1016 |      0 |    407 |    338 |   1 | 1016.0 |
               +--------+--------+--------+--------+--------+-----+--------+

Top non-repeatable levels by time:
  Lair:5: 1704 daAuts
    D:10: 1688 daAuts
     D:9: 1662 daAuts
     D:6: 1362 daAuts
  Lair:2: 1316 daAuts
     D:7: 1275 daAuts
  Lair:1: 1138 daAuts
     D:1: 1117 daAuts
 Abyss:2: 1016 daAuts
     D:8: 989 daAuts
  Lair:3: 960 daAuts
     D:3: 948 daAuts
  Lair:4: 920 daAuts
     D:5: 913 daAuts
     D:4: 546 daAuts
